Selects Luftwaffe Battlegroup
Selects Luftwaffe Battlegroup
Selects Luftwaffe Pioneer Support
Fallschirmpioneer Squad Paradrop
Construct Infanterie Kompanie
Construct Panzergrenadier Kompanie
Selects LG40 Recoilless Gun Paradrop
LG40 Recoilless Gun Paradrop
LG40 Recoilless Gun Paradrop
Panzergrenadier Officer Quarters
Selects Stuka Strafing Run
Selects Fallschirmjäger Squad Paradrop
Construct Panzer Kompanie